 Dungeon Crawl Stone Soup version 0.22.1-2-g9c5b331 (webtiles) character file.

10416 empire the Carver (level 11, 0/82 HPs)
             Began as a Minotaur Fighter on Nov 13, 2018.
             Was a Follower of Cheibriados.
             Killed by divine providence
             ... invoked by an orc priest
              (13 damage)
             ... on level 11 of the Dungeon.
             The game lasted 00:23:36 (10468 turns).

empire the Carver (Minotaur Fighter)               Turns: 10468, Time: 00:23:36

Health: 0/82       AC: 16    Str: 26    XL:     11   Next: 35%
Magic:  10/10      EV:  7    Int: 13    God:    Cheibriados [*.....]
Gold:   267        SH: 15    Dex: 14    Spells: 3/10 levels left

rFire    + . .     SeeInvis .   a - +2 scimitar (flame)
rCold    . . .     Gourm    .   c - +0 shield
rNeg     . . .     Faith    .   C - +1 plate armour {rF+}
rPois    .         Spirit   .   (helmet restricted)
rElec    .         Reflect  +   F - scarf {cloud immunity}
rCorr    +         Harm     .   (no gloves)
MR       .....                  (no boots)
Stlth    ..........             t - +2 amulet of reflection
HPRegen  0.23/turn              r - +5 ring of intelligence
MPRegen  0.12/turn              s - ring of resist corrosion

@: very slow
A: retaliatory headbutt, horns 2
a: Bend Time, Renounce Religion


You were on level 11 of the Dungeon.
You worshipped Cheibriados.
Cheibriados was aware of your devotion.
You were not hungry.

You visited 2 branches of the dungeon, and saw 12 of its levels.

You collected 597 gold pieces.
You spent 330 gold pieces at shops.

Inventory:

Hand Weapons
 a - a +2 scimitar of flaming (weapon)
 b - a +0 double sword
 H - a +0 great mace of crushing
Missiles
 v - 6 javelins (quivered)
 D - 64 bolts
Armour
 c - a +0 shield (worn)
 C - a +1 plate armour of fire resistance (worn)
 F - a scarf of cloud immunity (worn)
Jewellery
 g - an uncursed ring of ice
 q - a cursed ring of teleportation {unknown}
 r - a +5 ring of intelligence (left hand)
 s - a ring of resist corrosion (right hand)
 t - a +2 amulet of reflection (around neck)
 y - an uncursed ring of ice
 A - an uncursed ring of see invisible
 J - an uncursed amulet of rage
Wands
 j - a wand of disintegration (13)
Scrolls
 i - a scroll of fog {unknown}
 l - 2 scrolls of immolation
 m - 4 scrolls of teleportation
 n - 2 scrolls of noise
 o - a scroll of blinking
 w - a scroll of amnesia
 z - 2 scrolls of remove curse
 E - 2 scrolls of identify
Potions
 d - 3 potions of might
 e - 4 potions of curing
 h - 4 potions of degeneration
 k - 2 potions of flight
 p - 2 potions of brilliance
 u - a potion of mutation
 x - 2 potions of magic
 I - a potion of ambrosia
 K - a potion of invisibility
Miscellaneous
 B - a sack of spiders
Comestibles
 f - 26 rations
 G - 2 chunks of flesh


   Skills:
 - Level 3.6 Fighting
 - Level 14.0 Long Blades
 - Level 1.0 Throwing
 * Level 11.7 Armour
 + Level 11.6 Shields


You had 3 spell levels left.
You knew the following spells:

 Your Spells              Type           Power        Failure   Level  Hunger
a - Passwall              Tmut/Erth      #.......     99%         2    ###....
b - Lee's Rapid Deconstr  Erth           #.........   100%        5    ######.

Your spell library contained the following spells:

 Spells                   Type           Power        Failure   Level  Hunger
 Sandblast                Erth           #.....       99%         1    ##.....
 Stone Arrow              Conj/Erth      #.....       100%        3    ####...
 Teleport Other           Tloc           #.......     100%        3    ####...
 Cause Fear               Hex            #.........   100%        4    #####..
 Petrify                  Tmut/Erth      #.......     100%        4    #####..
 Silence                  Hex/Air        #.........   100%        5    ######.
 Yara's Violent Unravell  Hex/Tmut       #.........   100%        5    ######.
 Deflect Missiles         Chrm/Air       #.........   100%        6    #######
 Dispersal                Tloc           #.........   100%        6    #######
 Discord                  Hex            #.........   100%        8    #######
 Disjunction              Tloc           #.........   100%        8    #######


Dungeon Overview and Level Annotations

Branches:
Dungeon (11/15)            Temple (1/1) D:6            Lair (0/6) D:8
    Orc: D:9-12

Altars:
Ashenzari
Cheibriados
Dithmenos
Elyvilon
Fedhas
Gozag
Hepliaklqana
Kikubaaqudgha
Makhleb
Nemelex Xobeh
Okawaru
Qazlal
Ru
Sif Muna
Trog
Uskayaw
Vehumet
Wu Jian
Xom
Yredelemnul
Zin
The Shining One

Shops:
D:6 }   D:8 *   D:9 (


Innate Abilities, Weirdness & Mutations

You reflexively headbutt those who attack you in melee.
You have a pair of horns on your head.


Message History

You hear some strange, mumbled words.
The yak gores you.
* * * LOW HITPOINT WARNING * * *
Your magical contamination has completely faded away.
You hit the yak. You burn the yak.
You kill the yak!
Cheibriados appreciates the change of pace.
You block something's attack.
You slash something! You burn something.
Cheibriados thoroughly appreciates the change of pace.
Reactivating autopickup.
You feel a bit more experienced.
You hit the orc. You burn the orc. Your headbutt misses the orc.
The orc is heavily wounded.
You hit the orc. You burn the orc.
You kill the orc!
Cheibriados appreciates the change of pace.
The orc priest calls down the wrath of Beogh upon you.
Beogh smites you!
You die...

..........# #......#
.............######......#
....................Y.....#
...........#+###.........##
. ...........# #o........#
# ..........# #.........# #
#........# #.o.......# #
#........#####[......### #
#........@YooY...รท...# #
#.....#####..........# #
#.....# #..........# #
#.....# #..........#
########.....# #..........#
.............# #...>......#
.............#
#............
#########....#
#.####+####..
......>.#....#


You could see 2 yaks, an orc warrior and an orc priest.

Vanquished Creatures
  Harold (D:8)
  A centaur warrior (D:8)
  Erica (D:8)
  A two-headed ogre (D:9)
  A manticore (D:11)
  An ugly thing (D:11)
  Psyche (D:8)
  A troll (D:9)
  A hippogriff (D:7)
  A hornet (D:8)
  3 yaks (D:11)
  A spriggan (D:7)
  4 sky beasts
  3 orc warriors (D:8)
  3 ice beasts
  2 black bears
  9 centaurs
  6 ogres
  3 big kobolds
  8 bullfrogs
  4 scorpions
  A wyvern skeleton (D:10)
  A killer bee (D:8)
  A water moccasin skeleton (D:7)
  6 wights
  6 howler monkeys
  4 crimson imps
  2 quasits
  2 centaur zombies
  6 hounds
  2 jellies
  3 orc priests
  3 bullfrog skeletons
  8 orc wizards
  A centaur skeleton (D:10)
  Jessica (D:2)
  Natasha (thrice) (D:2)
  Ijyb (D:5)
  Terence (D:2)
  3 iguanas
  7 worker ants
  A hound zombie (D:6)
  A worker ant zombie (D:8)
  Robin (D:3)
  A howler monkey skeleton (D:5)
  10 adders
  A shadow imp (D:10)
  3 adder zombies
  3 adder skeletons
  3 worms
  4 leopard geckos
  34 orcs
  4 giant cockroaches
  12 goblins
  8 hobgoblins (D:3)
  15 jackals
  2 quokkas
  2 ball pythons
  7 bats
  4 frilled lizards
  19 kobolds
  6 rats
  5 fungi (D:8)
  8 plants (D:8)
272 creatures vanquished.

Vanquished Creatures (others)
  An orc warrior (D:9)
  An orc wizard (D:9)
2 creatures vanquished.

Grand Total: 274 creatures vanquished

Notes
Turn   | Place    | Note
-------+----------+-------------------------------------------
     0 | D:1      | empire the Minotaur Fighter began the quest for the Orb.
     0 | D:1      | Reached XP level 1. HP: 19/19 MP: 0/0
   344 | D:1      | Reached skill level 3 in Long Blades
   344 | D:1      | Reached XP level 2. HP: 23/26 MP: 1/1
  1006 | D:2      | Noticed Jessica
  1009 | D:2      | Killed Jessica
  1009 | D:2      | Reached XP level 3. HP: 29/31 MP: 2/2
  1017 | D:2      | Noticed Natasha
  1035 | D:2      | Killed Natasha
  1035 | D:2      | Reached skill level 4 in Long Blades
  1035 | D:2      | Reached XP level 4. HP: 14/39 MP: 3/3
  1062 | D:2      | Noticed Natasha
  1067 | D:2      | Killed Natasha
  1387 | D:2      | Noticed Terence
  1411 | D:2      | Killed Terence
  1411 | D:2      | Reached XP level 5. HP: 17/45 MP: 4/4
  1695 | D:2      | Noticed Natasha
  1707 | D:2      | Killed Natasha
  1707 | D:2      | Reached skill level 5 in Long Blades
  1978 | D:3      | Found an ornate altar of the Wu Jian Council.
  1979 | D:3      | Found an opulent altar of Gozag.
  2015 | D:3      | Found a hazy altar of Hepliaklqana.
  2160 | D:3      | Noticed Robin
  2179 | D:3      | Killed Robin
  2540 | D:3      | Reached skill level 5 in Shields
  2585 | D:3      | Reached skill level 5 in Armour
  2951 | D:4      | Reached XP level 6. HP: 46/51 MP: 5/5
  3033 | D:4      | Found a glowing golden altar of the Shining One.
  3127 | D:4      | Reached skill level 6 in Long Blades
  3127 | D:4      | Reached skill level 1 in Throwing
  3448 | D:5      | Entered Level 5 of the Dungeon
  3479 | D:5      | Noticed Ijyb
  3487 | D:5      | Killed Ijyb
  3498 | D:5      | Reached XP level 7. HP: 40/57 MP: 6/6
  3559 | D:5      | Reached skill level 7 in Long Blades
  3615 | D:5      | Found a sparkling altar of Nemelex Xobeh.
  4414 | D:6      | Found a staircase to the Ecumenical Temple.
  4420 | Temple   | Entered the Ecumenical Temple
  4642 | D:6      | Found Ogisot's Gadget Boutique.
  4662 | D:6      | Reached skill level 8 in Long Blades
  4682 | D:6      | Reached XP level 8. HP: 11/64 MP: 7/7
  5820 | D:6      | Reached skill level 9 in Long Blades
  6291 | D:7      | Noticed a hippogriff
  6303 | D:7      | Killed a hippogriff
  6303 | D:7      | Reached skill level 10 in Long Blades
  6303 | D:7      | Reached XP level 9. HP: 41/70 MP: 8/8
  6845 | D:7      | Reached skill level 11 in Long Blades
  6990 | D:8      | Noticed Harold
  7013 | D:8      | Killed Harold
  7046 | D:8      | Noticed Erica
  7066 | D:8      | Killed Erica
  7066 | D:8      | Reached skill level 12 in Long Blades
  7066 | D:8      | Reached XP level 10. HP: 17/77 MP: 9/9
  7900 | D:8      | Found a shimmering altar of Xom.
  7949 | D:8      | Identified Sif Muna's Almanac of Displacement
  7955 | D:8      | Learned a level 2 spell: Passwall
  7961 | D:8      | Learned a level 5 spell: Lee's Rapid Deconstruction
  7965 | D:8      | Found a staircase to the Lair.
  8091 | D:8      | Noticed Psyche
  8245 | D:8      | Found Raogh's Changing Room.
  8252 | D:8      | Killed Psyche
  8314 | D:8      | Reached skill level 10 in Armour
  8314 | D:8      | Reached skill level 10 in Shields
  8364 | D:8      | Noticed a centaur warrior
  8372 | D:8      | Reached skill level 13 in Long Blades
  8390 | D:8      | Killed a centaur warrior
  9191 | D:9      | Found an ancient bone altar of Kikubaaqudgha.
  9248 | D:9      | Found Vaha's Antique Weapon Emporium.
  9273 | D:9      | Noticed a two-headed ogre
  9281 | D:9      | Killed a two-headed ogre
  9281 | D:9      | Reached skill level 14 in Long Blades
  9281 | D:9      | Reached XP level 11. HP: 32/82 MP: 10/10
  9302 | D:9      | Bought a double sword for 330 gold pieces
  9365 | D:9      | Found a snail-covered altar of Cheibriados.
  9518 | D:9      | Became a worshipper of Cheibriados the Contemplative
  9535 | D:10     | Entered Level 10 of the Dungeon
  9702 | D:10     | Reached * piety under Cheibriados
  9737 | D:10     | Found Ciggen's Distillery.
  9972 | D:11     | Noticed a red ugly thing
  9988 | D:11     | Killed a red ugly thing
 10468 | D:11     | Killed from afar by an orc priest

Skill      XL: |  1  2  3  4  5  6  7  8  9 10 11 |
---------------+----------------------------------+-----
Long Blades    | 3 4 5 6 8 10 12 14 | 14.0
Armour         | 4 5 6 7 9 10 11 | 11.7
Shields        | 4 5 6 7 9 10 11 | 11.6
Throwing       | 1 |  1.0
Fighting       | |  3.6

Action                   |  1- 3 |  4- 6 |  7- 9 | 10-12 || total
-------------------------+-------+-------+-------+-------++-------
Melee: Long sword        |    46 |   178 |   280 |     5 ||   509
       Headbutt          |     8 |    35 |    55 |    95 ||   193
       Scimitar          |       |       |       |   397 ||   397
Throw: Javelin           |       |       |       |     5 ||     5
  Use: Scroll            |       |     4 |     1 |    15 ||    20
       Potion            |       |     1 |     8 |     2 ||    11
  Eat: Chunk             |       |     7 |    13 |    10 ||    30
Armor: Scale mail        |    29 |    69 |    74 |     6 ||   178
       Plate armour      |       |       |       |   117 ||   117
       Chain mail        |       |       |       |    12 ||    12
Dodge: Dodged            |    18 |    57 |    65 |    78 ||   218
Block: Shield            |    24 |   128 |   176 |   263 ||   591
       Reflection        |       |       |     6 |    17 ||    23
       Rpst.: Long sword |     4 |    12 |    13 |     2 ||    31
       Scimitar          |       |       |       |    24 ||    24
